 Dungeon Crawl Stone Soup version 0.30-a0-540-g0af01429fa (webtiles) character file.

Game seed: 5818989658810335776

363 Jase the Chopper (level 6, 0/51 HPs)
             Began as a Hill Orc Fighter on Dec 25, 2022.
             Slain by a gnoll
             ... wielding a +0 halberd
              (3 damage)
             ... on level 3 of the Dungeon.
             The game lasted 00:07:36 (2483 turns).

Jase the Chopper (Hill Orc Fighter)                 Turns: 2483, Time: 00:07:37

Health: 0/51       AC: 14    Str: 21    XL:     6   Next: 67%
Magic:  6/6        EV:  9    Int:  8    God:
Gold:   96         SH:  0    Dex: 10    Spells: 5/5 levels left

rFire   . . .      SeeInvis .    a - +0 war axe
rCold   . . .      Faith    .    (no shield)
rNeg    . . .      Spirit   .    b - +0 scale mail
rPois   .          Reflect  .    p - +1 hat
rElec   .          Harm     .    e - +1 cloak
rCorr   .          Rampage  .    (no gloves)
Will    .....                    (no boots) Stlth
                                 (no amulet)
HPRegen 0.28/turn                j - +4 ring of protection
MPRegen 0.10/turn                (no ring)

@: no status effects
A: no striking features
a: no special abilities


You were on level 3 of the Dungeon.
You visited 1 branch of the dungeon, and saw 3 of its levels.

You collected 96 gold pieces.

Inventory:

Hand Weapons
 a - a +0 war axe (weapon)
Missiles
 g - 10 stones (quivered)
Armour
 b - a +0 scale mail (worn)
 e - a +1 cloak (worn)
 p - a +1 hat (worn)
Jewellery
 j - a +4 ring of protection (left hand)
Scrolls
 c - 2 scrolls of identify {unknown}
 k - a scroll of noise {unknown}
 n - a scroll of enchant armour {unknown}
 o - a scroll of silence {unknown}
 q - 4 scrolls of teleportation {unknown}
Potions
 d - 2 potions of might
 f - a potion of attraction {unknown}
 h - a potion of berserk rage {unknown}
 i - a potion of curing {unknown}
 l - 2 potions of mutation {unknown}
 m - a potion of haste {unknown}


   Skills:
 - Level 3.6 Fighting
 + Level 6.6 Axes
 + Level 6.1 Armour
 - Level 3.2 Shields


You had 5 spell levels left.
You didn't know any spells.
Your spell library contained the following spells:

 Spells                   Type           Power      Damage    Failure   Level
 Shock                    Conj/Air       0%         1d3       73%         1
 Swiftness                Air            0%         N/A       97%         3
 Airstrike                Air            0%         2d(0-16)  100%        4


Dungeon Overview and Level Annotations

Branches:
Dungeon (3/15)

Altars:

Shops:
D:2 [   D:3 (*


Message History

The orc wizard is heavily wounded.
The gnoll hits you from afar with a +0 halberd!
The orc wizard barely misses you.
You slash the orc wizard!
You kill the orc wizard!
The gnoll hits you from afar with a +0 halberd.
The gnoll hits you but does no damage.
Items here: )) [ †.
You hit the gnoll but do no damage. The gnoll barely misses you.
The gnoll completely misses you.
You barely miss the gnoll. The gnoll hits you with a +0 halberd.
You barely miss the gnoll. The gnoll hits you with a +0 halberd!
You slash the gnoll!
The gnoll is heavily wounded.
The gnoll hits you but does no damage.
You barely miss the gnoll.
The gnoll is heavily wounded.
The gnoll hits you with a +0 halberd!
* * * LOW HITPOINT WARNING * * *
You closely miss the gnoll.
The gnoll is heavily wounded.
The gnoll barely misses you.
You hit the gnoll but do no damage.
The gnoll is heavily wounded.
The gnoll closely misses you. x2
You closely miss the gnoll.
The gnoll is heavily wounded.
The gnoll misses you.
You completely miss the gnoll.
The gnoll is heavily wounded.
The gnoll completely misses you.
You closely miss the gnoll.
The gnoll is heavily wounded.
The gnoll hits you with a +0 halberd!
* * * LOW HITPOINT WARNING * * *
You completely miss the gnoll.
The gnoll is heavily wounded.
The orc shouts!
You hear a shout!
The gnoll hits you with a +0 halberd.
You die...

..##....#.##.# #...#......#######
..##....#.##.###.....##.......+..
.....................###..###.###
..........##.###..##.##.........#
....#.....##..)).........#..#...#
#.....#...######.........##.....#
##...###..## #.#.#.##..##.>...#
#..#).#....# #.#...............
...........#####@#.#.##...###...#
.#.###.#.......g................#
.........#.#####.#...........#..#
#.....#..#.# #####o.###.####..#
##.))###.#.# #..# # # #..#
#.....#..#.# #..# ..##
....#.)..#.#########..#########
.....)....o.................#####
.................................


You could see a gnoll and an orc.

Vanquished Creatures
  A black bear (D:3)
  A howler monkey (D:3)
  A gnoll bouda (D:3)
  2 hounds (D:3)
  An orc wizard (D:3)
  4 gnolls (D:3)
  2 worms (D:2)
  2 dart slugs
  10 orcs (D:3)
  4 ball pythons
  3 bats (D:2)
  3 endoplasms (D:3)
  A giant cockroach (D:1)
  6 goblins
  4 hobgoblins
  14 jackals (D:3)
  A quokka (D:2)
  5 frilled lizards
  6 rats
71 creatures vanquished.

Vanquished Creatures (others)
  A fungus (D:3)
  A plant (D:3)
2 creatures vanquished.

Grand Total: 73 creatures vanquished

Notes
Turn   | Place    | Note
-------+----------+-------------------------------------------
     0 | D:1      | Jase the Hill Orc Fighter began the quest for the Orb.
     0 | D:1      | Reached XP level 1. HP: 19/19 MP: 1/1
   357 | D:1      | Reached XP level 2. HP: 26/26 MP: 2/2
  1010 | D:2      | Found Vuluekk's Armour Boutique.
  1146 | D:2      | Reached XP level 3. HP: 31/31 MP: 3/3
  1385 | D:2      | Found a faded altar of an unknown god.
  1735 | D:3      | Noticed a black bear
  1755 | D:3      | Killed a black bear
  1756 | D:3      | Reached skill level 5 in Axes
  1756 | D:3      | Reached XP level 4. HP: 20/39 MP: 4/4
  1756 | D:3      | Reached XP level 5. HP: 23/45 MP: 5/5
  1854 | D:3      | Found Bill's Assorted Antiques.
  1881 | D:3      | Reached skill level 5 in Armour
  1936 | D:3      | Found Ruim's Weapon Boutique.
  2166 | D:3      | Reached XP level 6. HP: 51/51 MP: 6/6
  2483 | D:3      | Slain by a gnoll

Illustrated notes

Levels and vault maps discovered:
D:1:      lightli_arrival_flooded_house, layout_loops_ring, serial_forest,
          infiniplex_forest_lined_room_3, infiniplex_forest_end_2,
          infiniplex_forest_clump_medium, infiniplex_forest_straight_4,
          infiniplex_forest_clump_large, infiniplex_forest_diagonal,
          fountainhead
D:2:      layout_loops_ring, shapermc_ecumenical_altar_notcrosses, serial_shops,
          shop
D:3:      lemuel_castle_with_subvaults [lemuel_castle_interior_original],
          layout_basic, serial_shops, nicolae_shop_competitors_out_of_business,
          nicolae_shop_hallway_plus, minmay_strange_pillars

Skill      XL: |  1  2  3  4  5  6 |
---------------+-------------------+-----
Axes           | 3 5 6 |  6.6
Armour         | 4 5 6 |  6.1
Fighting       | |  3.6
Shields        | |  3.2

Action                   |  1- 3 |  4- 6 || total
-------------------------+-------+-------++-------
Melee: War axe           |    94 |   118 ||   212
       Punch             |     1 |     4 ||     5
Armor: Scale mail        |    53 |    60 ||   113
Dodge: Dodged            |    54 |    72 ||   126

Table legend: (Time is in decaauts)
 A = Elapsed time spent in this place.
 B = Non-inter-level travel time spent in this place.
 C = Inter-level travel time spent in this place.
 D = Time resting spent in this place.
 E = Time spent auto-exploring this place.
 F = Levels seen in this place.
 G = Mean time per level.
                   A        B        C        D        E       F      G
               +--------+--------+--------+--------+--------+-----+--------+
         Total |   2541 |   2447 |     94 |    111 |   1644 |   3 |  847.0 |
       Dungeon |   2541 |   2447 |     94 |    111 |   1644 |   3 |  847.0 |
               +--------+--------+--------+--------+--------+-----+--------+

Top non-repeatable levels by time:
     D:1: 927 daAuts
     D:3: 816 daAuts
     D:2: 797 daAuts
